 Dungeon Crawl Stone Soup version 0.29.1-1-gd02db6906a (webtiles) character file.

Game seed: 1730675901106949550

5537 rendel the Summoner (level 10, -1/63 HPs)
             Began as a Barachi Summoner on Oct 8, 2022.
             Was a High Priest of Hepliaklqana.
             Slain by a centaur warrior simulacrum (11 damage)
             ... on level 9 of the Dungeon on Oct 10, 2022.
             The game lasted 01:30:06 (9908 turns).

rendel the Summoner (Barachi Summoner)              Turns: 9908, Time: 01:30:07

Health: -1/63      AC: 10    Str:  9    XL:     10   Next: 71%
Magic:  12/21      EV: 14    Int: 19    God:    Hepliaklqana [*****.]
Gold:   419        SH:  0    Dex: 14    Spells: 15/24 levels left

rFire   x . .      SeeInvis .   z - staff of air
rCold   + . .      Faith    +   (no shield)
rNeg    . . .      Spirit   .   C - +0 steam dragon scales
rPois   +          Reflect  .   P - +0 helmet
rElec   +          Harm     .   s - +0 cloak
rCorr   .          Rampage  .   (no gloves)
Will    .....                   E - +0 pair of boots
Stlth   ++........              a - amulet of faith
HPRegen 0.20/turn               e - ring of ice
MPRegen 0.17/turn               v - ring of poison resistance

@: slowed, very slow
A: reduced essence, amphibious, slowness 1, strong legs 1, +LOS
a: Hop, Renounce Religion, Recall Ancestor, Ancestor Identity, Transference,
Idealise


You were on level 9 of the Dungeon.
You worshipped Hepliaklqana.
Hepliaklqana was extremely pleased with you.
You visited 1 branch of the dungeon, and saw 9 of its levels.

You collected 419 gold pieces.

Inventory:

Hand Weapons
 d - a +0 dagger
 j - a +0 vorpal sling
 m - a +2 dagger of protection
 x - a +0 shortbow
 I - a +2 hand axe of electrocution
 L - a +0 war axe of draining
 O - a +2 short sword of distortion
 V - a +1 scimitar of draining
Missiles
 h - 17 poisoned darts
 i - 72 stones (quivered)
 D - 9 boomerangs
Armour
 k - an orb of energy
 s - a +0 cloak (worn)
 C - +0 steam dragon scales (worn)
 E - a +0 pair of boots (worn)
 P - a +0 helmet (worn)
 Y - a +2 leather armour of cold resistance
Magical Staves
 z - a staff of air (weapon)
Jewellery
 a - an amulet of faith (around neck)
 e - a ring of ice (left hand)
 v - a ring of poison resistance (right hand)
 F - an amulet of reflection
 Q - a ring of flight
 T - a ring of ice
Wands
 w - a wand of paralysis (13)
 S - a wand of acid (7)
 X - a wand of polymorph (5)
 Z - a wand of iceblast (6)
Scrolls
 p - a scroll of enchant weapon {unknown}
 r - 3 scrolls of teleportation
 u - 4 scrolls of identify
 y - 3 scrolls of torment {unknown}
 A - a scroll of enchant armour
 G - 2 scrolls of butterflies {unknown}
 H - a scroll of noise {unknown}
 M - 3 scrolls of silence {unknown}
 N - a scroll of magic mapping {unknown}
 R - a scroll of immolation {unknown}
 U - a scroll of fear {unknown}
 W - a scroll of blinking {unknown}
Potions
 b - 4 potions of magic
 c - 2 potions of attraction
 f - a potion of cancellation {unknown}
 g - 3 potions of brilliance {unknown}
 l - 3 potions of curing
 n - 3 potions of haste {unknown}
 o - 2 potions of might {unknown}
 q - a potion of resistance {unknown}
 t - 2 potions of degeneration {unknown}
 B - 2 potions of mutation {unknown}
 J - 2 potions of heal wounds {unknown}
 K - a potion of flight


   Skills:
 - Level 4.0 Fighting
 - Level 3.0 Ranged Weapons
 + Level 6.1 Armour
 + Level 6.0 Dodging
 - Level 2.0 Stealth
 - Level 0.2 Unarmed Combat
 * Level 7.7 Spellcasting
 + Level 4.5 Hexes
 * Level 10.4 Summonings
 * Level 6.1 Evocations


You had 15 spell levels left.
You knew the following spells:

 Your Spells              Type           Power      Damage    Failure   Level
a - Summon Small Mammal   Summ           100%       N/A       1%          1
b - Summon Guardian Gole  Hex/Summ       35%        N/A       1%          3
c - Call Imp              Summ           47%        N/A       1%          2
d - Call Canine Familiar  Summ           47%        N/A       1%          3

Your spell library contained the following spells:

 Spells                   Type           Power      Damage    Failure   Level
 Sting                    Tmut/Pois      28%        1d4       10%         1
 Summon Lightning Spire   Summ/Air       40%        N/A       11%         4
 Orb of Destruction       Conj           3%         9d5       100%        7
 Spellforged Servitor     Conj/Summ      13%        N/A       100%        7


Dungeon Overview and Level Annotations

Branches:
Dungeon (9/15)             Temple (0/1) D:4            Lair (0/5) D:9
    Orc (0/2) D:9

Altars:
Cheibriados
Dithmenos
Fedhas
Hepliaklqana
Kikubaaqudgha
Makhleb
Qazlal
Sif Muna
Trog
Vehumet
Xom
Yredelemnul
Zin

Shops:
D:5 (

Annotations:
D:9 duchin's ghost, novice KoAM


Innate Abilities, Weirdness & Mutations

Your life essence is reduced to manifest your ancestor. (-10% HP)
You are amphibious.
You cover ground slowly.
You can hop short distances.
You have an extended range of vision and can be seen from far away.


Message History

The centaur warrior simulacrum hits your wolf!
The centaur warrior simulacrum freezes your wolf!!
Your wolf dies!
Your wolf's corpse disappears in a puff of smoke!
The centaur warrior simulacrum completely misses you.
The centaur warrior simulacrum kicks you but does no damage.
The meliai simulacrum completely misses you.
The meliai simulacrum barely misses you.
Duchin's ghost hits you but does no damage.
Casting: Call Canine Familiar (safe; 1% risk of failure)
Confirm with . or Enter, or press ? or * to list all spells.
The meliai simulacrum closely misses you.
The meliai simulacrum hits you. The meliai simulacrum freezes you! You resist.
The centaur warrior simulacrum closely misses you.
The centaur warrior simulacrum kicks you but does no damage.
The meliai simulacrum closely misses you.
The meliai simulacrum hits you but does no damage.
Duchin's ghost points at you and mumbles some strange words.
You feel yourself slow down.
The centaur warrior simulacrum hits you.
The centaur warrior simulacrum freezes you!
You resist.
The centaur warrior simulacrum closely misses you.
You swap places.
The meliai simulacrum closely misses your hound.
The meliai simulacrum hits your hound.
The meliai simulacrum freezes your hound!!
Your hound bites the meliai simulacrum.
The meliai simulacrum hits your hound!
Your hound dies!
Your hound's corpse disappears in a puff of smoke!
The centaur warrior simulacrum hits you.
The centaur warrior simulacrum freezes you!
You resist.
* * * LOW HITPOINT WARNING * * *
The centaur warrior simulacrum kicks you but does no damage.
The centaur warrior simulacrum hits you.
* * * LOW HITPOINT WARNING * * *
The centaur warrior simulacrum freezes you!
You resist.
You die...

#..#........#.#...#...#######
##.#........#.#...#.).....)..
#.#........+.########.......
##.#####'####.##.#.#.#.......
#..............#.....#.......
#..............'...$##.......
#...........9Z§'...:.########
#####...........ZZW'...$##.......
.......######...@§Z#.....#.......
.......#....#..#####.#.#.#.......
.......#....#..#...#######.......
.......#....#..#.................
.#####.#....#..####...#########..
.# #.##...#.....#...#.......'..
.# #..#...#.....#...#.......#..
.# #..#...#.....#...+.......#..
.#####..#...#.....#...#.......#..


You could see duchin's ghost (ally target), 3 centaur warrior simulacra, a
meliai simulacrum and a friendly guardian golem (summoned).

Vanquished Creatures
  An adder (D:4)
  A dart slug (D:2)
  2 orcs (D:4)
  2 bats
  A giant cockroach (D:1)
  4 ball pythons
  2 rats (D:1)
13 creatures vanquished.

Vanquished Creatures (collateral kills)
  Maggie (D:7)
  A freezing wraith (D:9)
  A hornet (D:8)
  A wyvern (D:9)
  4 yaks (D:9)
  4 steam dragons
  Menkaure (D:4)
  3 water moccasins
  A black bear (D:6)
  An orc warrior (D:8)
  A sky beast (D:9)
  5 centaurs
  2 phantoms
  2 kobold brigands (D:7)
  3 bullfrogs
  A scorpion (D:5)
  6 wights
  3 troll zombies (D:9)
  2 howler monkeys (D:5)
  2 hounds
  A jelly (D:4)
  3 orc priests (D:9)
  9 orc wizards
  2 iguanas
  4 ogre zombies (D:9)
  2 gnolls (D:9)
  5 adders
  A shadow imp (D:7)
  A white imp (D:5)
  2 worms (D:2)
  2 dart slugs
  23 orcs
  8 ball pythons
  5 bats
  4 endoplasms
  2 giant cockroaches
  12 goblins
  6 hobgoblins
  17 kobolds
  2 quokkas
  2 frilled lizards
  A goblin skeleton (D:9)
  A hobgoblin zombie (D:9)
  An orc skeleton (D:9)
  11 orc zombies (D:9)
  7 rats
179 creatures vanquished.

Vanquished Creatures (others)
  A shadow (D:9)
  2 yaks (D:9)
  An orc warrior (D:9)
  2 wights (D:8)
  A gnoll bouda (D:9)
  A gnoll (D:9)
  4 battlemagi
  2 goblin zombies (D:9)
  A hobgoblin skeleton (D:9)
  A hobgoblin zombie (D:9)
  7 orc zombies (D:9)
  2 plants (D:2)
25 creatures vanquished.

Grand Total: 217 creatures vanquished

Notes
Turn   | Place    | Note
-------+----------+-------------------------------------------
     0 | D:1      | rendel the Barachi Summoner began the quest for the Orb.
     0 | D:1      | Reached XP level 1. HP: 13/13 MP: 3/3
    54 | D:1      | Reached skill level 5 in Summonings
    99 | D:1      | Reached XP level 2. HP: 2/19 MP: 1/5
   679 | D:1      | Reached XP level 3. HP: 21/24 MP: 4/6
   784 | D:1      | Found a faded altar of an unknown god.
   789 | D:1      | Prayed at the altar of an unknown god.
   789 | D:1      | Became a worshipper of Hepliaklqana the Forgotten
   789 | D:1      | Reached * piety under Hepliaklqana
  1107 | D:2      | Reached skill level 1 in Fighting
  1420 | D:2      | Reached XP level 4. HP: 26/28 MP: 4/7
  1615 | D:2      | Reached ** piety under Hepliaklqana
  1617 | D:2      | Remembered your ancestor Lintu Kalmalintu as a battlemage
  2347 | D:3      | Reached skill level 1 in Armour
  2450 | D:3      | Reached skill level 6 in Summonings
  2450 | D:3      | Reached XP level 5. HP: 33/33 MP: 4/9
  2979 | D:4      | Noticed a centaur
  2981 | D:4      | Noticed Menkaure
  2990 | D:4      | Killed a centaur
  2991 | D:4      | Reached skill level 1 in Ranged Weapons
  2991 | D:4      | Reached XP level 6. HP: 39/39 MP: 7/11
  3024 | D:4      | Killed Menkaure
  3305 | D:4      | Found a shimmering blue altar of Sif Muna.
  3321 | D:4      | Reached XP level 7. HP: 45/45 MP: 11/13
  3350 | D:4      | Got Sif Muna's Codex of Poison
  3498 | D:4      | Reached *** piety under Hepliaklqana
  3532 | D:4      | Found a staircase to the Ecumenical Temple.
  3874 | D:5      | Entered Level 5 of the Dungeon
  3880 | D:5      | Reached skill level 7 in Summonings
  3971 | D:5      | Learned a level 3 spell: Summon Guardian Golem
  4122 | D:5      | Found Ritia's Weapon Shoppe.
  4141 | D:5      | Noticed a steam dragon
  4151 | D:5      | Killed a steam dragon
  4152 | D:5      | Reached skill level 1 in Hexes
  4152 | D:5      | Reached XP level 8. HP: 22/52 MP: 10/15
  4449 | D:5      | Found a glowing silver altar of Zin.
  4609 | D:5      | Reached **** piety under Hepliaklqana
  4689 | D:5      | Found a blossoming altar of Fedhas.
  4705 | D:5      | Reached skill level 5 in Spellcasting
  5014 | D:5      | Learned a level 2 spell: Call Imp
  5018 | D:5      | Learned a level 3 spell: Call Canine Familiar
  5053 | D:6      | Reached skill level 1 in Evocations
  5253 | D:6      | Reached skill level 8 in Summonings
  5997 | D:7      | Reached XP level 9. HP: 58/58 MP: 10/17
  6170 | D:7      | Found an ancient bone altar of Kikubaaqudgha.
  6190 | D:7      | Noticed Maggie
  6199 | D:7      | Killed Maggie
  6284 | D:7      | Reached ***** piety under Hepliaklqana
  6654 | D:7      | Found a bloodstained altar of Trog.
  6672 | D:7      | Found a burning altar of Makhleb.
  6673 | D:7      | Found a stormy altar of Qazlal.
  7206 | D:8      | Found a basalt altar of Yredelemnul.
  7232 | D:8      | Reached skill level 5 in Dodging
  7232 | D:8      | Reached skill level 9 in Summonings
  7448 | D:8      | Reached skill level 5 in Armour
  7910 | D:8      | Found a shimmering altar of Xom.
  7911 | D:8      | Found a hazy altar of Hepliaklqana.
  7912 | D:8      | Noticed a spectral ugly thing
  8023 | D:8      | Found a radiant altar of Vehumet.
  8280 | D:8      | Noticed a hornet
  8288 | D:8      | Killed a hornet
  8289 | D:8      | Reached XP level 10. HP: 63/63 MP: 17/20
  8463 | D:9      | Found a staircase to the Orcish Mines.
  8480 | D:9      | Reached skill level 5 in Evocations
  8778 | D:9      | Found a shadowy altar of Dithmenos.
  8900 | D:9      | Found a snail-covered altar of Cheibriados.
  8928 | D:9      | Reached skill level 10 in Summonings
  9247 | D:9      | Found a staircase to the Lair.
  9437 | D:9      | Found a runed translucent gate.
  9437 | D:9      | Found a runed translucent gate.
  9437 | D:9      | Found a runed translucent gate.
  9833 | D:9      | Noticed duchin's ghost (novice KoAM)
  9908 | D:9      | Slain by a centaur warrior simulacrum

Illustrated notes

Levels and vault maps discovered:
D:1:      wander_arrival_chamber, layout_rooms, chequers_ecumenical_altar_grove,
          serial_park_tiny_pond, minmay_misc_feat_room, kennysheep_crisscross,
          minmay_misc_feat_x
D:2:      layout_basic, serial_forest, infiniplex_forest_3_way,
          infiniplex_forest_lined_room_2, infiniplex_forest_lined_3,
          infiniplex_forest_zigzag_2, infiniplex_forest_lined_2,
          infiniplex_forest_clump_small, infiniplex_forest_straight_2
D:3:      layout_loops_ring
D:4:      layout_cave_pools, led_sif_book, minmay_temple_entry_antechambers,
          uniq_menkaure
D:5:      layout_basic, mainiacjoe_overflow_surrounded_room,
          mainiacjoe_overflow_six_doors_small, serial_shops,
          nicolae_shop_bloodbath_and_beyond, serial_bayou_crossing
D:6:      layout_basic
D:7:      layout_basic, amcnicky_altar_gilded, minitemple, uniq_maggie
D:8:      layout_cave_pods, regret_index_temple_of_mockery,
          mainiacjoe_overflow_cross_hatched, mainiacjoe_overflow_brackets,
          minmay_holes
D:9:      layout_irregular_city, grunt_temple_overflow_open, lair_entry_dummy,
          zombieorc2_lemuel, gammafunk_ghost_necromancy, serial_column_ruins,
          column_ruins_hut_ruined, column_ruins_hut, column_ruins_grid_1,
          column_ruins_columns_straight, column_ruins_grid_3,
          column_ruins_grid_1, column_ruins_open_tiny, item_on_display_a

Skill      XL: |  1  2  3  4  5  6  7  8  9 10 |
---------------+-------------------------------+-----
Summonings     | 5 6 7 8 9 10 | 10.4
Fighting       | 1 2 3 4 |  4.0
Stealth        | 2 |  2.0
Armour         | 1 2 3 4 5 6 |  6.1
Spellcasting   | 3 4 5 6 7 |  7.7
Ranged Weapons | 1 2 3 |  3.0
Dodging        | 3 4 5 6 |  6.0
Hexes          | 1 2 3 4 |  4.5
Evocations     | 2 4 6 |  6.1
Unarmed Combat | |  0.2

Action                   |  1- 3 |  4- 6 |  7- 9 | 10-12 || total
-------------------------+-------+-------+-------+-------++-------
Melee: Unarmed           |     7 |       |       |       ||     7
       Punch             |     1 |     1 |       |       ||     2
       Dagger            |    32 |     3 |       |       ||    35
       Staff             |       |       |     4 |     5 ||     9
 Fire: Sling             |       |    12 |    23 |       ||    35
 Cast: Summon Small Mamm |    41 |    42 |    24 |     9 ||   116
       Summon Guardian G |       |       |    27 |    13 ||    40
       Call Canine Famil |       |       |    22 |    10 ||    32
       Call Imp          |       |       |    18 |     7 ||    25
Invok: Ancestor Life: Ba |       |     1 |       |       ||     1
       Ancestor Identity |       |     1 |       |       ||     1
       Recall Ancestor   |       |     1 |     2 |       ||     3
       Transference      |       |       |     1 |     1 ||     2
       Idealise          |       |       |       |     1 ||     1
  Use: Scroll            |     3 |     1 |     1 |       ||     5
       Potion            |     3 |       |       |       ||     3
 Stab: Distracted        |     2 |       |       |       ||     2
Armor: Robe              |    15 |     3 |       |       ||    18
       Leather armour    |     6 |       |       |       ||     6
       Scale mail        |       |       |     5 |       ||     5
       Steam dragon scal |       |       |     9 |    17 ||    26
Dodge: Dodged            |    43 |    17 |    42 |    16 ||   118
